 Dungeon Crawl Stone Soup version 0.31-a0-149-g3fdcc5976a (webtiles) character file.

Game seed: 8192250401713001349

639 Midn8 the Purveyor of Pain (level 7, -4/52 HPs)
             Began as a Mummy Necromancer on June 8, 2023.
             Was an Initiate of Kikubaaqudgha.
             Slain by a two-headed ogre
             ... wielding a +0 giant club
              (26 damage)
             ... on level 5 of the Dungeon.
             The game lasted 00:15:26 (4014 turns).

Midn8 the Purveyor of Pain (Mummy Necromancer)      Turns: 4014, Time: 00:15:29

Health: -4/52      AC:  3    Str: 11    XL:     7   Next: 25%
Magic:  9/16       EV: 12    Int: 22    God:    Kikubaaqudgha [......]
Gold:   283        SH:  0    Dex: 13    Spells: 10/18 levels left

rFire   x . .        k - +0 whip (venom)
rCold   + . .        (no shield)
rNeg    + + +        a - +0 robe
rPois   ∞            (no helmet)
rElec   .            (no cloak)
rCorr   .            b - +0 pair of gloves
SInv    .            (no boots)
Will    .....        s - amulet of regeneration
Stlth   ++           q - +6 ring of intelligence
HPRegen 1.08/turn    (no ring)
MPRegen 0.15/turn

%: faith
@: animating dead
A: cold resistance 1, negative energy resistance 3, torment resistance 2, heat
vulnerability 1, in touch with death 1, no potions, faith
a: Renounce Religion


You were on level 5 of the Dungeon.
You worshipped Kikubaaqudgha.
Kikubaaqudgha was noncommittal.
You visited 2 branches of the dungeon, and saw 6 of its levels.

You collected 283 gold pieces.

Inventory:

Hand Weapons
 e - a +2 dagger of speed
 k - a +0 whip of venom (weapon)
Missiles
 j - 39 poisoned darts
 l - 3 boomerangs
Armour
 a - a +0 robe (worn)
 b - a +0 pair of gloves (worn)
Jewellery
 i - a ring of wizardry
 q - a +6 ring of intelligence (left hand)
 s - an amulet of regeneration (around neck)
Wands
 n - a wand of polymorph (5)
 o - a wand of paralysis (4)
 w - a wand of acid (2)
Scrolls
 c - 4 scrolls of poison
 d - 4 scrolls of teleportation
 f - a scroll of vulnerability
 g - a scroll of silence
 h - a scroll of magic mapping
 m - 2 scrolls of enchant armour {unknown}
 p - a scroll of fog {unknown}
 r - a scroll of blinking {unknown}
 t - a scroll of torment {unknown}
 u - a scroll of identify
 v - a scroll of amnesia {unknown}


   Skills:
 - Level 3.0 Fighting
 - Level 2.0 Maces & Flails
 - Level 1.5 Dodging
 - Level 1.5 Stealth
 - Level 6.0 Spellcasting
 - Level 6.0 Necromancy
 + Level 1.3 Evocations


You had 10 spell levels left.
You knew the following spells:

 Your Spells              Type           Power      Damage    Failure   Level
a - Necrotise             Necr           100%       1d9       1%          1
d - Animate Dead          Necr           49%        N/A       8%          4
v - Vampiric Draining     Necr           49%        2d9       2%          3

Your spell library contained the following spells:

 Spells                   Type           Power      Damage    Failure   Level
 Kiss of Death            Conj/Necr      100%       2d13      2%          1
 Cigotuvi's Dreadful Rot  Necr/Pois/Air  46%        N/A       6%          2
 Agony                    Necr           49%        N/A       22%         5
 Ozocubu's Armour         Ice            6%         N/A       26%         3
 Tukima's Dance           Hex            6%         N/A       26%         3
 Passage of Golubria      Tloc           6%         N/A       65%         4
 Yara's Violent Unravell  Hex/Tmut       3%         3d4       94%         5
 Ozocubu's Refrigeration  Ice            3%         4d8       100%        7


Dungeon Overview and Level Annotations

Branches:
Dungeon (5/15)             Temple (1/1) D:5

Altars:
Ashenzari
Dithmenos
Fedhas
Gozag
Kikubaaqudgha
Makhleb
Okawaru
Qazlal
Trog
Uskayaw
Vehumet
Wu Jian
Xom
Yredelemnul


Innate Abilities, Weirdness & Mutations

You are immune to poison.
Your flesh is cold resistant. (rC+)
You are immune to negative energy. (rN+++)
You are immune to unholy pain and torment.
You are vulnerable to heat. (rF-)
You are in touch with the powers of death.
You do not drink.
You have a special connection with the divine. (Faith)


Message History

Aiming: Necrotise (safe; 1% risk of failure)
Press: ? - help, Shift-Dir - straight line, f/p - sleepcap
Aim: a sleepcap (moderately damaged, chance to affect: 88%)
You feel a surge of power!
The sleepcap writhes in agony!
The sleepcap releases spores at you.
Unknown command.
Casting: Necrotise (safe; 1% risk of failure)
Confirm with . or Enter, or press ? or * to list all spells.
Aiming: Vampiric Draining (dangerous; 2% risk of failure)
Press: ? - help, Shift-Dir - straight line, f/p - sleepcap
Aim: a sleepcap (severely damaged)
You feel a surge of power!
You draw life force from the sleepcap!
You destroy the sleepcap!
Kikubaaqudgha accepts your kill.
You feel life coursing into your body.
You start resting.
Magic restored.
A two-headed ogre comes into view.
It is wielding a +0 giant club and a +0 giant spiked club.
The two-headed ogre shouts in stereo!
You see here a scorpion corpse.
Casting: Vampiric Draining (dangerous; 2% risk of failure)
Confirm with . or Enter, or press ? or * to list all spells.
Okay, then.
Casting: Vampiric Draining (dangerous; 2% risk of failure)
Confirm with . or Enter, or press ? or * to list all spells.
You feel a surge of power!
You call upon the dead to rise.
Kikubaaqudgha calls piteous wretches from the earth!
You can no longer bring forth the wretched and dying.
A kobold brigand comes into view.
The helpless kobold brigand fails to defend itself.
You hit the kobold brigand.
You kill the kobold brigand!
That felt strangely unrewarding.
The dead are walking!
The two-headed ogre attacks as you move away!
The two-headed ogre hits you with a +0 giant club!!
Ouch! That really hurt!
The two-headed ogre hits you with a +0 giant spiked club!!
Ouch! That really hurt!
You die...
Kikubaaqudgha rasps: "You have failed me!
Welcome... oblivion!"

#...# # ###.......#
#...#.## .<.......#
#.#.#..# #....^..#
#.#.#~P# #.......#
#.#.#..# #.......#
#.#.#~## #.......#
#.#.# # ##).#.Z##
....# ##..##..#
#..## ##..###@.#
#..## ####..## #O.#
....###....###.....#
..#.......##
#.#.#....
..##.....##
...#.######
..##.#..## ..# #.#
..##...###.## ..#
..##..## . .## #.
#..# #


You could see a two-headed ogre (ally target) and a friendly kobold brigand
zombie.

Vanquished Creatures
  A water moccasin (D:5)
  2 kobold brigands (D:5)
  2 scorpions
  A hound (D:5)
  A sleepcap (D:5)
  Terence (D:2)
  Natasha (thrice) (D:2)
  An orc wizard (D:4)
  5 adders
  A dart slug (D:1)
  8 orcs
  5 ball pythons
  10 endoplasms
  A giant cockroach (D:2)
  6 goblins
  4 hobgoblins
  8 jackals
  4 quokkas
  4 bats
  3 frilled lizards (D:2)
  26 kobolds
  6 rats
103 creatures vanquished.

Vanquished Creatures (collateral kills)
  An orc (D:3)
  An endoplasm (D:1)
  A goblin (D:3)
  A kobold (D:1)
  A frilled lizard (D:1)
5 creatures vanquished.

Vanquished Creatures (others)
  8 kobold zombies (D:5)
8 creatures vanquished.

Grand Total: 116 creatures vanquished

Notes
Turn   | Place    | Note
-------+----------+-------------------------------------------
     0 | D:1      | Midn8 the Mummy Necromancer began the quest for the Orb.
     0 | D:1      | Reached XP level 1. HP: 13/13 MP: 4/4
   277 | D:1      | Reached XP level 2. HP: 19/19 MP: 1/6
   821 | D:1      | Gained mutation: You are in touch with the powers of death.
                  | [Mummy growth]
   821 | D:1      | Reached XP level 3. HP: 24/24 MP: 5/8
  1241 | D:2      | Noticed Terence
  1246 | D:2      | Killed Terence
  1247 | D:2      | Reached skill level 5 in Necromancy
  1247 | D:2      | Reached XP level 4. HP: 30/30 MP: 5/10
  1389 | D:2      | Noticed Natasha
  1393 | D:2      | Killed Natasha
  1398 | D:2      | Learned a level 3 spell: Vampiric Draining
  1403 | D:2      | Learned a level 4 spell: Animate Dead
  1455 | D:2      | Noticed Natasha
  1461 | D:2      | Killed Natasha
  1558 | D:2      | Noticed Natasha
  1567 | D:2      | Killed Natasha
  1568 | D:2      | Reached XP level 5. HP: 27/35 MP: 6/11
  1893 | D:3      | Reached skill level 1 in Maces & Flails
  2284 | D:3      | Found a faded altar of an unknown god.
  2804 | D:4      | Reached skill level 1 in Fighting
  2804 | D:4      | Reached XP level 6. HP: 44/44 MP: 6/12
  3169 | D:5      | Entered Level 5 of the Dungeon
  3270 | D:5      | Found a staircase to the Ecumenical Temple.
  3273 | D:5      | Noticed a water moccasin
  3279 | D:5      | Killed a water moccasin
  3280 | D:5      | Reached skill level 5 in Spellcasting
  3338 | Temple   | Entered the Ecumenical Temple
  3442 | Temple   | Became a worshipper of Kikubaaqudgha
  3506 | D:5      | Reached XP level 7. HP: 38/52 MP: 7/15
  3668 | D:5      | Reached * piety under Kikubaaqudgha
  3668 | D:5      | Received a gift from Kikubaaqudgha
  3873 | D:5      | Found a shimmering altar of Xom.
  3944 | D:5      | Reached skill level 1 in Evocations
  4009 | D:5      | Noticed a two-headed ogre
  4014 | D:5      | Slain by a two-headed ogre

Illustrated notes

Levels and vault maps discovered:
D:1:      dpeg_arrival_rhombi, layout_basic
D:2:      layout_basic, uniq_natasha, uniq_terence
D:3:      layout_rooms, shapermc_ecumenical_altar_starsandcircs
D:4:      layout_rooms
D:5:      kennysheep_kobold_camp, layout_rooms, lemuel_coloured_pillars_altar,
          nicolae_elyvilon_temple_path, minmay_temple_entry_mini_moons,
          serial_aquarium, aquarium_bridge_island_small
          [aquarium_subvault_small_open, aquarium_subvault_wall,
          aquarium_subvault_bridge, aquarium_subvault_bridge,
          aquarium_subvault_wall], aquarium_bridge_long_separate
          [aquarium_subvault_wall, aquarium_subvault_bridge,
          aquarium_subvault_bridge, aquarium_subvault_wall,
          aquarium_subvault_wall, aquarium_subvault_bridge], aquarium_window_1,
          aquarium_window_fake, aquarium_window_1, aquarium_window_corner,
          aquarium_view_2d, aquarium_pool_2, minivault_19,
          minmay_strange_pillars, minmay_manual_mandibuliform
Temple:   nicolae_temple_god_jail

Skill      XL: |  1  2  3  4  5  6  7 |
---------------+----------------------+-----
Spellcasting   | 3 4 5 6 |  6.0
Necromancy     | 5 6 |  6.0
Maces & Flails | 2 |  2.0
Fighting       | 1 3 |  3.0
Evocations     | 1 |  1.3
Dodging        | |  1.5
Stealth        | |  1.5

Action                     |  1- 3 |  4- 6 |  7- 9 || total
---------------------------+-------+-------+-------++-------
  Melee: Dagger            |     4 |       |       ||     4
         Whip              |     2 |    29 |    17 ||    48
   Cast: Necrotise         |    54 |    91 |    22 ||   167
         Vampiric Draining |       |     2 |     2 ||     4
         Animate Dead      |       |     1 |     1 ||     2
 Invoke: Unearth Wretches  |       |       |     1 ||     1
    Use: Scroll            |       |     5 |       ||     5
   Stab: Sleeping          |       |     1 |       ||     1
         Paralysed         |       |       |     1 ||     1
 Armour: Robe              |       |     5 |     5 ||    10
  Dodge: Dodged            |     5 |    24 |    14 ||    43

Table legend: (Time is in decaauts)
 A = Elapsed time spent in this place.
 B = Non-inter-level travel time spent in this place.
 C = Inter-level travel time spent in this place.
 D = Time resting spent in this place.
 E = Time spent auto-exploring this place.
 F = Levels seen in this place.
 G = Mean time per level.
                   A        B        C        D        E       F      G
               +--------+--------+--------+--------+--------+-----+--------+
         Total |   4020 |   3907 |    113 |   1214 |   1878 |   6 |  670.0 |
       Dungeon |   3902 |   3789 |    113 |   1214 |   1878 |   5 |  780.4 |
        Temple |    118 |    118 |      0 |      0 |      0 |   1 |  118.0 |
               +--------+--------+--------+--------+--------+-----+--------+

Top non-repeatable levels by time:
     D:2: 1000 daAuts
     D:1: 887 daAuts
     D:3: 698 daAuts
     D:4: 662 daAuts
     D:5: 653 daAuts
  Temple: 118 daAuts
